 Dungeon Crawl Stone Soup version 0.21.1-1-g345015f (webtiles) character file.

2175 wojtek the Cleaver (level 9, -5/75 HPs)
             Began as a Minotaur Fighter on Apr 2, 2018.
             Was a Believer of Makhleb.
             Slain by an orc warrior
             ... wielding a +0 war axe
              (17 damage)
             ... on level 7 of the Dungeon.
             The game lasted 00:07:45 (6418 turns).

wojtek the Cleaver (Minotaur Fighter)               Turns: 6418, Time: 00:07:46

Health: -5/75      AC:  9    Str: 24    XL:     9   Next: 11%
Magic:  12/12      EV: 11    Int:  5    God:    Makhleb [**....]
Gold:   386        SH:  0    Dex: 10    Spells: 8/8 levels left

rFire    . . .     SeeInvis .   C - +0 battleaxe
rCold    . . .     Gourm    .   (shield currently unavailable)
rNeg     . . .     Faith    .   b - +0 scale mail
rPois    .         Spirit   .   (helmet restricted)
rElec    .         Reflect  .   (no cloak)
rCorr    .         Harm     .   (no gloves)
MR       .....                  k - +0 pair of boots
Stlth    ..........             (no amulet)
HPRegen  0.22/turn              (no ring)
MPRegen  0.13/turn              (no ring)

@: no status effects
A: retaliatory headbutt, horns 2
a: Minor Destruction, Renounce Religion


You were on level 7 of the Dungeon.
You worshipped Makhleb.
Makhleb was pleased with you.
You were not hungry.

You visited 1 branch of the dungeon, and saw 7 of its levels.

You collected 386 gold pieces.

Inventory:

Hand Weapons
 a - a +0 war axe
 C - a +0 battleaxe (weapon)
Missiles
 z - 2 throwing nets (quivered)
Armour
 b - a +0 scale mail (worn)
 c - a +0 shield
 k - a +0 pair of boots (worn)
 v - the +2 leather armour "Dunek" {Int+6}
   (You found it on level 4 of the Dungeon)

   It affects your intelligence (+6).
Jewellery
 n - a +2 ring of dexterity {unknown}
 E - an uncursed amulet of guardian spirit {unknown}
Wands
 q - a wand of digging (13)
 w - a wand of flame (15)
Scrolls
 d - a scroll of enchant armour {unknown}
 e - 6 scrolls of identify {unknown}
 i - 4 scrolls of amnesia {unknown}
 j - 10 scrolls of remove curse {unknown}
 l - 4 scrolls of enchant weapon {unknown}
 r - 4 scrolls of teleportation {unknown}
 s - a scroll of blinking {unknown}
 x - a scroll of vulnerability {unknown}
 y - a scroll of magic mapping {unknown}
 A - 2 scrolls of fear {unknown}
 D - a scroll of silence {unknown}
Potions
 g - 3 potions of degeneration {unknown}
 h - 2 potions of agility {unknown}
 m - a potion of mutation {unknown}
 o - 2 potions of heal wounds {unknown}
 p - 5 potions of haste {unknown}
 u - a potion of ambrosia {unknown}
 B - a potion of might
Comestibles
 f - 14 rations
 t - 3 chunks of flesh


   Skills:
 + Level 6.3 Fighting
 + Level 9.1 Axes
 + Level 6.3 Armour
 + Level 3.3 Dodging
 - Level 3.6 Shields
 + Level 6.3 Invocations


You had 8 spell levels left.
You didn't know any spells.

Dungeon Overview and Level Annotations

Branches:
Dungeon (7/15)
 Temple: D:4-7

Altars:
Kikubaaqudgha
Makhleb
Nemelex Xobeh

Shops:
D:4 :

Annotations:
D:6 two-headed pig


Innate Abilities, Weirdness & Mutations

You reflexively headbutt those who attack you in melee.
You have a pair of horns on your head.


Message History

You slice the orc warrior!!
The orc warrior is heavily wounded.
You hit the hippogriff.
The orc warrior hits you with a war axe!
The hippogriff bites you. The hippogriff barely misses you. x2
You hit the orc warrior. Your headbutt misses the orc warrior.
The orc warrior is severely wounded.
You barely miss the hippogriff. The hippogriff bites you!
The hippogriff pecks you.
The hippogriff claws you but does no damage.
The orc warrior hits you with a war axe!
The hippogriff bites you.
* * * LOW HITPOINT WARNING * * *
The hippogriff pecks you but does no damage.
The hippogriff claws you!
* * * LOW HITPOINT WARNING * * *
You slash the orc warrior!
The orc warrior is almost dead.
The orc warrior hits you with a war axe!
You die...

.........##..
#....##
##.......#
#.....#
#.##.......
##....#
##.#...#####
#....# # #.#.##
###.(# # #.#.#
####+########.#
###.#.###
#.............#
.(......#
#.............#
..........#
#.@...........#
###[###.#..
#o########'####
#.# # #H.#
##)..## #.#
#....###.....##
#..
#....##.......#
##.
#.....#.......#
####.#
##....#.......#
.....
....##.....##
####.
##..###...##


You could see a hippogriff and an orc warrior.

Vanquished Creatures
  A two-headed ogre (D:6)
  A black bear (D:7)
  An orc warrior (D:6)
  A sky beast (D:5)
  2 phantoms
  An ogre (D:5)
  3 centaurs
  A bullfrog (D:7)
  A scorpion (D:6)
  A crimson imp (D:6)
  3 hounds
  2 bullfrog skeletons (D:5)
  A gnoll shaman (D:5)
  A centaur skeleton (D:6)
  An iguana (D:5)
  3 orc wizards
  4 worker ants
  A hound skeleton (D:5)
  A worker ant zombie (D:5)
  3 gnolls (D:5)
  6 adders
  An ooze (D:2)
  An adder zombie (D:5)
  4 worms (D:2)
  4 dart slugs
  2 leopard geckos
  10 orcs
  2 ball pythons
  2 giant cockroaches
  7 goblins
  4 hobgoblins
  6 jackals
  4 kobolds
  4 bats
  5 frilled lizards
  A jackal skeleton (D:4)
  A quokka skeleton (D:4)
  A quokka zombie (D:5)
  6 rats
104 creatures vanquished.

Notes
Turn   | Place    | Note
-------+----------+-------------------------------------------
     0 | D:1      | wojtek the Minotaur Fighter began the quest for the Orb.
     0 | D:1      | Reached XP level 1. HP: 19/19 MP: 0/0
   104 | D:1      | Reached skill level 3 in Axes
   149 | D:1      | Reached XP level 2. HP: 25/26 MP: 1/1
   243 | D:1      | You fall through a shaft!
   314 | D:2      | HP: 1/26 [poisoned by an adder]
   315 | D:2      | Reached skill level 4 in Axes
   364 | D:2      | Found a burning altar of Makhleb.
   367 | D:2      | Reached XP level 3. HP: 6/31 MP: 2/2
   375 | D:2      | Became a worshipper of Makhleb the Destroyer
  1461 | D:1      | Reached skill level 1 in Invocations
  1841 | D:3      | Reached * piety under Makhleb
  1886 | D:3      | Reached XP level 4. HP: 35/39 MP: 3/3
  1891 | D:3      | Found a sparkling altar of Nemelex Xobeh.
  1912 | D:3      | Reached skill level 5 in Axes
  2869 | D:4      | Reached XP level 5. HP: 43/45 MP: 5/5
  2916 | D:4      | Noticed a phantom
  2961 | D:4      | Killed a phantom
  2961 | D:4      | Reached skill level 6 in Axes
  2961 | D:4      | Reached XP level 6. HP: 37/51 MP: 5/7
  2985 | D:4      | Found Uquatz's Book Emporium.
  3173 | D:4      | Got a bloodstained leather armour
  3184 | D:4      | Identified the +2 leather armour "Dunek" {Int+6} (You found it on level 4 of the Dungeon)
  3442 | D:5      | Entered Level 5 of the Dungeon
  3446 | D:5      | Noticed a sky beast
  3477 | D:5      | Killed a sky beast
  3477 | D:5      | Reached skill level 7 in Axes
  3706 | D:5      | Reached XP level 7. HP: 54/57 MP: 9/9
  3865 | D:5      | Found a sparkling altar of Nemelex Xobeh.
  3898 | D:5      | Reached ** piety under Makhleb
  3919 | D:5      | Reached skill level 5 in Invocations
  4023 | D:6      | Found an ancient bone altar of Kikubaaqudgha.
  4064 | D:6      | Noticed a two-headed ogre
  4373 | D:6      | Reached skill level 8 in Axes
  4866 | D:6      | Reached XP level 8. HP: 67/67 MP: 9/11
  4970 | D:6      | HP: 3/67 [orc warrior/battleaxe (8)]
  5416 | D:6      | HP: 3/67 [two-headed ogre/giant spiked club (16)]
  5417 | D:6      | Killed a two-headed ogre
  5417 | D:6      | Reached skill level 5 in Fighting
  5417 | D:6      | Reached skill level 5 in Armour
  6017 | D:7      | Reached skill level 9 in Axes
  6274 | D:7      | Reached XP level 9. HP: 43/75 MP: 12/12
  6418 | D:7      | Slain by an orc warrior

Skill      XL: |  1  2  3  4  5  6  7  8 |
---------------+-------------------------+-----
Axes           | 3 4 5 6 7 8 9 |  9.1
Invocations    | 1 2 3 4 5 6 |  6.3
Fighting       | 4 6 |  6.3
Armour         | 4 6 |  6.3
Dodging        | 3 |  3.3
Shields        | |  3.6

Action                   |  1- 3 |  4- 6 |  7- 9 || total
-------------------------+-------+-------+-------++-------
Melee: War axe           |   132 |   131 |    78 ||   341
       Headbutt          |    13 |    14 |    21 ||    48
       Battleaxe         |       |       |    29 ||    29
Evoke: Wand              |       |       |     5 ||     5
  Use: Potion            |     1 |       |       ||     1
  Eat: Chunk             |     3 |     6 |     9 ||    18
Armor: Scale mail        |    58 |    53 |    49 ||   160
       Leather armour    |       |     2 |       ||     2
Dodge: Dodged            |    36 |    35 |    42 ||   113
Block: Shield            |    68 |    63 |    24 ||   155
